 Dungeon Crawl Stone Soup version 0.32-a0-900-g30fb1b0 (webtiles) character file.

Game seed: 12919489948266055159

116 Dorkslayer the Ducker (level 5, -7/36 HPs)
             Began as an Octopode Fighter on Apr 5, 2024.
             Mangled by a gnoll
             ... wielding a +0 halberd
              (16 damage)
             ... on level 2 of the Dungeon.
             The game lasted 00:03:40 (1197 turns).

Dorkslayer the Ducker (Octopode Fighter)            Turns: 1197, Time: 00:03:41

Health: -7/36      AC:  1    Str: 17    XL:     5   Next: 1%
Magic:  5/5        EV: 12    Int: 10    God:
Gold:   13         SH:  5    Dex: 12    Spells: 4/4 levels left

rFire   . . .        a - +0 war axe
rCold   . . .        b - +1 buckler
rNeg    . . .        (helmet restricted)
rPois   .            (no amulet)
rElec   .            (no ring)
rCorr   .            (no ring)
SInv    .            (no ring)
Will    .....        (no ring)
Stlth   +++          (no ring)
HPRegen 0.26/turn    (no ring)
MPRegen 0.09/turn    (no ring)
                     (no ring)

%: no passive effects
@: mighty
A: almost no armour, amphibious, 8 rings, camouflage 1, gelatinous body 1,
(nimble swimmer 1), tentacles
a: no special abilities


You were on level 2 of the Dungeon.
You visited 1 branch of the dungeon, and saw 2 of its levels.

You collected 55 gold pieces.
You spent 42 gold pieces at shops.

Inventory:

Hand Weapons
 a - a +0 war axe (weapon)
Missiles
 j - 3 javelins (quivered)
Armour
 b - a +1 buckler (worn)
Talismans
 k - a beast talisman
Scrolls
 l - a scroll of teleportation {unknown}
 m - a scroll of summoning {unknown}
 n - a scroll of enchant weapon {unknown}
 o - a scroll of fear {unknown}
Potions
 c - 2 potions of might
 d - a potion of curing
 f - a potion of mutation {unknown}
 g - a potion of magic {unknown}
 i - a potion of heal wounds {unknown}


   Skills:
 + Level 3.3 Fighting
 + Level 2.8 Axes
 * Level 1.1 Throwing
 + Level 3.3 Dodging
 + Level 3.1 Stealth
 + Level 3.2 Shields
 * Level 0.9 Shapeshifting


You had 4 spell levels left.
You didn't know any spells.
Your spell library contained the following spells:

 Spells                   Type           Power      Damage    Failure   Level
 Cigotuvi's Dreadful Rot  Necr/Alch/Air  0%         N/A       58%         2
 Mercury Vapours          Alch/Air       0%         N/A       58%         2
 Mephitic Cloud           Conj/Alch/Air  0%         N/A       82%         3
 Dispel Undead            Necr           0%         3d6       99%         4
 Martyr's Knell           Necr/Summ      0%         N/A       99%         4
 Freezing Cloud           Conj/Ice/Air   0%         6-21      100%        5


Dungeon Overview and Level Annotations

Branches:
Dungeon (2/15)

Altars:

Shops:
D:1 (*[


Innate Abilities, Weirdness & Mutations

You cannot wear most types of armour.
You are amphibious.
You can wear up to eight rings at the same time.
Your skin changes colour to match your surroundings (Stealth+).
Your rubbery body absorbs attacks. (AC +1, EV +1)
((You are camouflaged when in or above water. (Stealth+)))
You have tentacles for arms and can constrict up to eight enemies at once.


Message History

As you read the scroll labelled TYDUYG QICKUY, it crumbles to dust.
It is a scroll of identify.
d - a potion of curing You feel very mighty all of a sudden.
The hobgoblin shouts!
The gnoll shouts!
You hear a shout!
The gnoll barely misses you.
Okay, then.
You block the gnoll's attack.
The gnoll hits you from afar with a +0 halberd.
Throw: 6 javelins
Press: ? - help, Q - select action Shift-Dir - straight line, f - gnoll
Aim: a gnoll, wielding a +0 halberd (58% to hit)
You throw a javelin. The javelin pierces through the gnoll.
The gnoll is moderately wounded.
The gnoll closely misses you. The gnoll misses you.
Throw: 5 javelins
Press: ? - help, Q - select action Shift-Dir - straight line, f - hobgoblin, p - gnoll
Aim: a hobgoblin (54% to hit)
You throw a javelin. The javelin pierces through the gnoll!
The gnoll is severely wounded.
The javelin closely misses the hobgoblin.
You hear a splash.
The gnoll hits you from afar with a +0 halberd.
You block the gnoll's attack.
The gnoll hits you from afar with a +0 halberd!
The gnoll attacks as it pursues you!
The gnoll hits you from afar with a +0 halberd.
* * * LOW HITPOINT WARNING * * *
Throw: 4 javelins
Press: ? - help, Q - select action Shift-Dir - straight line, f/p - hobgoblin
Aim: a hobgoblin (54% to hit)
You throw a javelin. The javelin pierces through the gnoll.
The gnoll is heavily wounded.
The javelin closely misses the gnoll.
The javelin pierces through the hobgoblin!
You kill the hobgoblin!
The javelin pierces through the gnoll.
The gnoll is lightly wounded.
The gnoll hits you from afar with a +0 halberd!
You die...

## #................#
.#####................#
....##................#
.##.##...[.†..........#
.##..#.....)..........#
.###..................#
...........#.........(#
.......###.#......g...#####
................@gg†g..((>#
.......###....#######g....#
######## ......
#...~.###### ...# ........
#.~.~.......
...#####........
#...........
.................
#.~...g..... ...#
##.......... ...####
..........g ......#
###.........


You could see 4 gnolls and a goblin.

Vanquished Creatures
  A gnoll bouda (D:1)
  2 adders (D:2)
  3 gnolls (D:2)
  A dart slug (D:1)
  4 endoplasms
  2 giant cockroaches
  4 hobgoblins
  2 quokkas
  3 ball pythons
  5 bats
  A frilled lizard (D:2)
  8 goblins
  4 kobolds (D:1)
  2 rats (D:1)
42 creatures vanquished.

Notes
Turn   | Place    | Note
-------+----------+-------------------------------------------
     0 | D:1      | Dorkslayer the Octopode Fighter began the quest for the
                  | Orb.
     0 | D:1      | Reached XP level 1. HP: 16/16 MP: 1/1
   236 | D:1      | Reached XP level 2. HP: 21/21 MP: 2/2
   299 | D:1      | Found Naiphiz's Assorted Antiques.
   545 | D:1      | Reached skill level 1 in Stealth
   621 | D:1      | Found Fahuugh's Antique Weapon Boutique.
   693 | D:1      | Found Hyicwoasm's Antique Armour Shop.
   710 | D:1      | Reached XP level 3. HP: 26/26 MP: 3/3
   734 | D:1      | Found a faded altar of an unknown god.
   863 | D:1      | Bought a scroll labelled NEASAI ERUDD for 21 gold pieces
   863 | D:1      | Bought a scroll labelled RAPSE BURPHIEJ for 21 gold pieces
   905 | D:1      | Reached XP level 4. HP: 22/31 MP: 4/4
   996 | D:2      | Reached skill level 1 in Throwing
  1152 | D:2      | Reached XP level 5. HP: 34/36 MP: 5/5
  1197 | D:2      | Mangled by a gnoll

Illustrated notes

Levels and vault maps discovered:
D:1:      lightli_arrival_farm, layout_basic, serial_shops, shop, shop,
          nicolae_shop_temple_entry_statues_fountains,
          shapermc_ecumenical_altar_mp_ritualfount, st_stairs_14,
          minmay_heptomino_h4
D:2:      layout_basic, basic_altar, chequers_serial_rivers_micro_c

Skill      XL: |  1  2  3  4 |
---------------+-------------+-----
Stealth        | 1 2 3 |  3.1
Throwing       | 1 |  1.1
Fighting       | |  3.3
Axes           | |  2.8
Dodging        | |  3.3
Shields        | |  3.2
Shapeshifting  | |  0.9

Action                     |  1- 3 |  4- 6 || total
---------------------------+-------+-------++-------
  Melee: War axe           |    48 |    21 ||    69
         Constrict         |    12 |     6 ||    18
         Tentacles         |     6 |     7 ||    13
  Throw: Javelin           |     3 |     3 ||     6
    Use: Scroll            |       |     2 ||     2
         Potion            |       |     1 ||     1
   Stab: Sleeping          |    12 |     2 ||    14
 Armour: Skin              |     6 |    16 ||    22
  Dodge: Dodged            |    20 |    25 ||    45
  Block: Buckler           |    10 |     6 ||    16

Table legend: (Time is in decaauts)
 A = Elapsed time spent in this place.
 B = Non-inter-level travel time spent in this place.
 C = Inter-level travel time spent in this place.
 D = Time resting spent in this place.
 E = Time spent auto-exploring this place.
 F = Levels seen in this place.
 G = Mean time per level.
                   A        B        C        D        E       F      G
               +--------+--------+--------+--------+--------+-----+--------+
         Total |   1228 |   1228 |      0 |     31 |    576 |   2 |  614.0 |
       Dungeon |   1228 |   1228 |      0 |     31 |    576 |   2 |  614.0 |
               +--------+--------+--------+--------+--------+-----+--------+

Top non-repeatable levels by time:
     D:1: 937 daAuts
     D:2: 291 daAuts
